 Dungeon Crawl Stone Soup version 0.27-a0-1312-g5cdb2b3542 (webtiles) character file.

Game seed: 8457641240910740789

5947 Demosthentine the Spear-Bearer (level 10, -13/86 HPs)
             Began as a Merfolk Gladiator on June 20, 2021.
             Was a Believer of the Shining One.
             Mangled by a manticore (14 damage)
             ... on level 9 of the Dungeon.
             The game lasted 00:09:20 (11908 turns).

Demosthentine the Spear-Bearer (Merfolk Gladiator) Turns: 11908, Time: 00:09:20

Health: -13/86     AC:  9    Str: 16      XL:     10   Next: 84%
Magic:  11/11      EV: 17    Int:  8 (10) God:    the Shining One [**....]
Gold:   569        SH:  5    Dex: 16 (17) Spells: 9/9 levels left

rFire    . . .     SeeInvis +   a - +1 trident
rCold    . . .     Faith    .   B - +0 buckler
rNeg     + . .     Spirit   .   u - +1 leather armour {rPois}
rPois    +         Reflect  .   c - +1 helmet
rElec    .         Harm     .   w - +0 cloak
rCorr    .         Rampage  .   G - +0 pair of gloves
Will     .....                  (no boots)
Stlth    +.........             (no amulet)
HPRegen  0.24/turn              j - ring of see invisible
MPRegen  0.12/turn              F - +4 ring of slaying

@: about to teleport, spiked, glowing, studying Fighting
A: (nimble swimmer 2), mertail, claws 1, clever 1
a: Renounce Religion, Divine Shield


You were on level 9 of the Dungeon.
You worshipped the Shining One.
The Shining One was pleased with you.
You visited 2 branches of the dungeon, and saw 10 of its levels.

You collected 569 gold pieces.

Inventory:

Hand Weapons
 a - a +1 trident (weapon)
Missiles
 d - 4 throwing nets (quivered)
 i - 8 atropa-tipped darts
 p - 11 boomerangs of dispersal
 A - a curare-tipped dart
Armour
 c - a +1 helmet (worn)
 u - a +1 leather armour of poison resistance (worn)
 w - a +0 cloak (worn)
 B - a +0 buckler (worn)
 G - a +0 pair of gloves (worn)
Jewellery
 j - a ring of see invisible (left hand)
 F - a +4 ring of slaying (right hand)
Wands
 b - a wand of polymorph (7)
 r - a wand of iceblast (34)
 y - a wand of charming (11)
 z - a wand of acid (17)
 D - a wand of digging (4)
Scrolls
 e - 2 scrolls of amnesia
 f - 4 scrolls of magic mapping
 k - 2 scrolls of teleportation
 n - a scroll of enchant armour
 o - a scroll of enchant weapon
 I - a scroll of holy word
Potions
 g - 2 potions of haste
 h - 4 potions of curing
 l - 2 potions of attraction
 m - a potion of lignification
 q - a potion of ambrosia
 s - a potion of flight
 t - 2 potions of heal wounds {unknown}
 x - 2 potions of mutation
 E - a potion of brilliance


   Skills:
 + Level 10.6 Fighting
 + Level 11.6 Polearms
 - Level 2.0 Throwing
 - Level 5.4 Armour
 + Level 10.7 Dodging
 - Level 4.0 Shields
 + Level 2.2 Invocations


You had 9 spell levels left.
You didn't know any spells.
Your spell library contained the following spells:

 Spells                   Type           Power      Damage    Failure   Level
 Beastly Appendage        Tmut           0%         N/A       45%         1
 Foxfire                  Conj/Fire      0%         2x1d4     45%         1
 Freeze                   Ice            0%         1d3       45%         1
 Wereblood                Tmut           0%         N/A       61%         2
 Confusing Touch          Hex            0%         N/A       83%         3
 Conjure Flame            Conj/Fire      0%         6-21      83%         3
 Frozen Ramparts          Ice            0%         1d2       83%         3
 Gell's Gravitas          Tloc           0%         N/A       83%         3
 Inner Flame              Hex/Fire       0%         N/A       83%         3
 Ozocubu's Armour         Ice            0%         N/A       83%         3
 Spider Form              Tmut/Pois      0%         N/A       83%         3
 Hailstorm                Conj/Ice       0%         3d3       99%         4
 Ice Form                 Ice/Tmut       0%         N/A       99%         4
 Petrify                  Tmut/Erth      0%         N/A       99%         4
 Sticky Flame             Conj/Fire      0%         2d3       99%         4
 Fireball                 Conj/Fire      0%         3d3       100%        5
 Metabolic Englaciation   Hex/Ice        0%         N/A       100%        5
 Yara's Violent Unravell  Hex/Tmut       0%         3d3       100%        5


Dungeon Overview and Level Annotations

Branches:
Dungeon (9/15)             Temple (1/1) D:6            Lair (0/6) D:8
    Orc: D:9-12

Altars:
Ashenzari
Cheibriados
Dithmenos
Elyvilon
Fedhas
Gozag
Hepliaklqana
Kikubaaqudgha
Makhleb
Nemelex Xobeh
Okawaru
Ru
Sif Muna
Trog
Uskayaw
Vehumet
Wu Jian
Yredelemnul
The Shining One

Shops:
D:7 =


Innate Abilities, Weirdness & Mutations

((You are quick and stealthy near water. (Stealth+, EV+, Speed+++)))
Your lower body shifts to a powerful aquatic tail in water.
You have sharp fingernails.
Your mind is acute. (Int +2)


Message History

You block the water moccasin's attack.
The two-headed ogre hits you with a +0 giant spiked club!
The two-headed ogre barely misses you.
Unknown command.
You puncture the two-headed ogre!
The two-headed ogre is almost dead.
The water moccasin misses you.
The two-headed ogre hits you with a +0 giant club!!
The two-headed ogre hits you with a +0 vorpal dire flail!
* * * LOW HITPOINT WARNING * * *
x2 Unknown command.
A manticore comes into view.
You block the water moccasin's attack. You block the two-headed ogre's attack.
The two-headed ogre hits you with a +0 giant club.
* * * LOW HITPOINT WARNING * * *
Things that are here:
a +0 long sword; a +0 chain mail; a scroll of vulnerability The manticore flicks its tail.
The volley of spikes hits you.
The barbed spikes become lodged in your body.
* * * LOW HITPOINT WARNING * * *
The barbs in your skin will harm you if you move.
Continue?
Okay, then.
Okay, then.
Unknown command.
As you read the scroll of teleportation, it crumbles to dust.
You feel strangely unstable. The hornet closely misses you.
Unknown command.
Unknown command.
You puncture the water moccasin!
The water moccasin is moderately wounded.
The water moccasin barely misses you. The two-headed ogre misses you. x2
The hornet stings you but does no damage.
Unknown command.
Unknown command.
You closely miss the water moccasin.
The water moccasin is moderately wounded.
The manticore bites you!
You die...

#.......# ≈...§.≈..#
#.......# ≈≈...≈≈..#
#>......# .≈≈≈≈≈...#
#.......# .........#
#.......#
.........###.......#
................>..#
..........yOH....).#
.........OS@.......#
.....>...####......#
.........# #......#
##.......# #..###.#
#....)..# #..# #.#
#.......# #..# #.#
#.......# #..# #.#
#.......# #..# #.#
#..# #.#


You could see 2 two-headed ogres, a manticore, a hornet and a water moccasin.

Vanquished Creatures
  Harold (D:7)
  A two-headed ogre (D:8)
  Pikel (D:7)
  A cyclops (D:9)
  Grinder (D:5)
  Prince Ribbit (D:7)
  A wyvern (D:8)
  A shadow (D:9)
  A steam dragon (D:5)
  Edmund (D:6)
  2 water moccasins
  A hornet zombie (D:8)
  2 orc warriors (D:9)
  2 ice beasts
  A necrophage (D:5)
  2 ogres
  3 lemures (D:7)
  4 centaurs
  A phantom (D:7)
  A kobold brigand (D:5)
  2 bullfrogs
  A gnoll sergeant (D:8)
  4 scorpions
  3 wights (D:8)
  4 electric eels (D:9)
  A centaur skeleton (D:4)
  2 hounds (D:6)
  2 jellies
  Crazy Yiuf (D:4)
  Ijyb (D:4)
  3 iguanas
  A scorpion zombie (D:5)
  4 orc wizards
  A killer bee zombie (D:8)
  2 hound skeletons
  9 gnolls
  9 adders
  2 white imps
  2 adder skeletons (D:4)
  6 dart slugs
  13 orcs
  9 ball pythons
  9 endoplasms
  6 giant cockroaches
  8 goblins
  3 hobgoblins
  9 jackals
  14 kobolds
  12 quokkas
  6 bats
  6 frilled lizards
  2 jackal skeletons (D:4)
  6 rats
192 creatures vanquished.

Vanquished Creatures (others)
  A bullfrog (D:9)
  2 killer bees (D:9)
  A howler monkey (D:9)
4 creatures vanquished.

Grand Total: 196 creatures vanquished

Notes
Turn   | Place    | Note
-------+----------+-------------------------------------------
     0 | D:1      | Demosthentine the Merfolk Gladiator began the quest for the
                  | Orb.
     0 | D:1      | Reached XP level 1. HP: 16/16 MP: 1/1
    49 | D:1      | Reached XP level 2. HP: 3/23 MP: 2/2
   707 | D:1      | Reached XP level 3. HP: 28/28 MP: 3/3
   718 | D:1      | Reached skill level 5 in Polearms
  1113 | D:2      | Found a faded altar of an unknown god.
  1124 | D:2      | Reached skill level 1 in Armour
  1367 | D:2      | Reached XP level 4. HP: 27/34 MP: 4/4
  1862 | D:3      | Found a glowing golden altar of the Shining One.
  1926 | D:3      | Became a worshipper of the Shining One
  2376 | D:4      | Noticed a scorpion
  2383 | D:4      | Killed a scorpion
  2384 | D:4      | Reached skill level 5 in Dodging
  2384 | D:4      | Reached XP level 5. HP: 26/41 MP: 5/5
  2791 | D:4      | Reached skill level 6 in Polearms
  2823 | D:4      | Reached XP level 6. HP: 44/48 MP: 6/6
  3251 | D:4      | Noticed Ijyb
  3260 | D:4      | Killed Ijyb
  3456 | D:4      | Reached * piety under the Shining One
  3807 | D:4      | Reached XP level 7. HP: 22/55 MP: 7/7
  4206 | D:4      | Reached skill level 7 in Polearms
  4697 | D:4      | Found a runed translucent door.
  4698 | D:4      | Noticed Crazy Yiuf
  4909 | D:4      | Killed Crazy Yiuf
  4958 | D:5      | Entered Level 5 of the Dungeon
  4980 | D:5      | Noticed Grinder
  5003 | D:5      | Killed Grinder
  5004 | D:5      | Reached skill level 5 in Fighting
  5004 | D:5      | Reached XP level 8. HP: 22/62 MP: 8/8
  5273 | D:5      | Reached skill level 8 in Polearms
  6196 | D:5      | Reached skill level 9 in Polearms
  6313 | D:5      | Found a hazy altar of Hepliaklqana.
  6559 | D:5      | Reached XP level 9. HP: 70/70 MP: 9/9
  6715 | D:5      | Identified a scroll of acquirement
  6715 | D:5      | Acquired a manual of Fighting
  7095 | D:6      | Reached skill level 1 in Shields
  7235 | D:6      | Noticed Edmund
  7249 | D:6      | Killed Edmund
  7399 | D:6      | Found a staircase to the Ecumenical Temple.
  7431 | Temple   | Entered the Ecumenical Temple
  8620 | D:7      | Found a sparkling altar of Nemelex Xobeh.
  8762 | D:7      | Noticed Prince Ribbit
  8769 | D:7      | Killed Prince Ribbit
  8857 | D:7      | Noticed Harold
  8874 | D:7      | Killed Harold
  8875 | D:7      | Reached skill level 10 in Polearms
  8893 | D:7      | Reached XP level 10. HP: 49/82 MP: 10/10
  9088 | D:7      | Noticed Pikel
  9119 | D:7      | Paralysed by Pikel for 4 turns
  9136 | D:7      | Killed Pikel
  9137 | D:7      | Reached skill level 5 in Armour
  9368 | D:7      | Found Beeros's Jewellery Emporium.
  9371 | D:7      | Found a white marble altar of Elyvilon.
  9572 | D:8      | Found a blossoming altar of Fedhas.
  9622 | D:8      | Reached ** piety under the Shining One
  9911 | D:8      | Noticed a two-headed ogre
  9928 | D:8      | Killed a two-headed ogre
  9929 | D:8      | Reached skill level 11 in Polearms
  9929 | D:8      | Reached skill level 10 in Dodging
 10249 | D:8      | Found an opulent altar of Gozag.
 10345 | D:8      | Found a staircase to the Lair.
 10603 | D:8      | Identified the +9 flail "Yxky" {vorpal, rCorr Str+2 Int+4
                  | Stlth-}
 10630 | D:9      | Noticed a cyclops
 10637 | D:8      | Reached skill level 10 in Fighting
 10856 | D:9      | Gained mutation: You have sharp fingernails. [potion of
                  | mutation]
 10856 | D:9      | Gained mutation: Your mind is acute. (Int +2) [potion of
                  | mutation]
 10863 | D:9      | Killed a cyclops
 10864 | D:9      | Reached skill level 1 in Invocations
 11891 | D:9      | Noticed a two-headed ogre
 11891 | D:9      | Noticed a two-headed ogre
 11902 | D:9      | Noticed a manticore
 11904 | D:9      | HP: 4/86 [two-headed ogre (4)]
 11905 | D:9      | HP: 1/86 [manticore/volley of spikes (3)]
 11908 | D:9      | Mangled by a manticore

Illustrated notes

Levels and vault maps discovered:
D:1:      dpeg_arrival_rhombus, layout_basic
D:2:      layout_rooms, hellmonk_ecumenical_altar_run_dry
D:3:      layout_loops_ring, nicolae_tso_carved_into_rock, minmay_crystal_water,
          kennysheep_decorative_pillar, grunt_ministairs_10
D:4:      cheibrodos_barr_body, layout_layer_cave, uniq_crazy_yiuf_cottage,
          uniq_ijyb
D:5:      layout_basic, nzn_hepliaklqana_mist_gate, minmay_checkerbox,
          uniq_grinder
D:6:      layout_loops_ring, minmay_temple_entry_large_hall,
          lemuel_flamethrower_2, uniq_edmund
D:7:      layout_rooms, overflow_temple_1_default, nemelex_dance_club_becter,
          serial_shops, nicolae_shop_stone, dk_noncrumbling_4,
          uniq_prince_ribbit1, uniq_harold, uniq_pikel
D:8:      layout_basic, lemuel_tele_altar, nicolae_gozag_seed_capital,
          lair_entry_dummy
D:9:      layout_long_grid, xom_confusion_cloud, david_orc_4, water_maze_lemuel
Temple:   oiseaux_autumnal_temple

Skill      XL: |  1  2  3  4  5  6  7  8  9 10 |
---------------+-------------------------------+-----
Polearms       | 5 6 7 9 10 11 | 11.6
Armour         | 1 2 3 4 5 |  5.4
Fighting       | 3 4 5 6 8 10 | 10.6
Dodging        | 5 6 7 8 9 10 | 10.7
Shields        | 3 4 |  4.0
Invocations    | 2 |  2.2
Throwing       | |  2.0

Action                   |  1- 3 |  4- 6 |  7- 9 | 10-12 || total
-------------------------+-------+-------+-------+-------++-------
Melee: Trident           |   105 |   148 |   303 |   228 ||   784
Throw: Throwing net      |       |     1 |     3 |     3 ||     7
  Use: Scroll            |     3 |     3 |    10 |     2 ||    18
       Potion            |       |       |       |     6 ||     6
 Stab: Sleeping          |     1 |       |       |       ||     1
Armor: Leather armour    |    37 |    29 |    59 |    22 ||   147
Dodge: Dodged            |    75 |    68 |   149 |   118 ||   410
Block: Buckler           |       |       |       |    15 ||    15

Table legend: (Time is in decaauts)
 A = Elapsed time spent in this place.
 B = Non-inter-level travel time spent in this place.
 C = Inter-level travel time spent in this place.
 D = Time resting spent in this place.
 E = Time spent auto-exploring this place.
 F = Levels seen in this place.
 G = Mean time per level.
                   A        B        C        D        E       F      G
               +--------+--------+--------+--------+--------+-----+--------+
         Total |  11747 |  11373 |    374 |    203 |   9877 |  10 | 1174.7 |
       Dungeon |  11500 |  11127 |    373 |    203 |   9647 |   9 | 1277.8 |
        Temple |    247 |    247 |      0 |      0 |    230 |   1 |  247.0 |
               +--------+--------+--------+--------+--------+-----+--------+

Top non-repeatable levels by time:
     D:4: 2606 daAuts
     D:8: 1893 daAuts
     D:5: 1796 daAuts
     D:7: 1295 daAuts
     D:6: 1113 daAuts
     D:1: 1036 daAuts
     D:2: 714 daAuts
     D:3: 596 daAuts
     D:9: 448 daAuts
  Temple: 247 daAuts
